[Event "2025 Fred Maris Cup (Division B)"]
[Site "Woodvale, Perth WA AUS"]
[Date "2025.07.16"]
[Round "5"]
[White "Hapugala, Amila"]
[Black "Curtis, Calan"]
[Result "1/2-1/2"]
[ECO "D15"]
[WhiteElo "1664"]
[BlackElo "1677"]
[PlyCount "116"]
[EventDate "2025.06.11"]
[EventType "tourn"]
[EventRounds "5"]
[EventCountry "AUS"]
[TimeControl "3600+30"]

1. d4 Nf6 2. Nf3 d5 3. c4 c6 4. Nc3 Bf5 5. Qb3 b6 6. Bf4 e6 7. e3 Nh5 8. Bg3
Nxg3 9. fxg3 Be7 10. Qd1 Nd7 11. Be2 O-O 12. O-O Qc7 13. Rc1 Rfe8 14. cxd5 exd5
15. Nxd5 Qd6 16. Nxe7+ Rxe7 17. Ne5 Be4 18. Nxd7 Qxd7 19. Bf3 Rae8 20. Rc3 Qd5
21. Qb3 Qxb3 22. Rxb3 Bd5 23. Bxd5 cxd5 24. Rc1 g6 25. Kf2 Kg7 26. Rc6 Rd7 27.
Ra3 Re6 28. Rxe6 fxe6 29. Rc3 Kf6 30. Kf3 h5 31. h4 Rf7 32. e4 Ke7+ 33. Ke3 Kd6
34. e5+ Kd7 35. Ke2 Rf5 36. Rf3 Kc6 37. a4 b5 38. Rc3+ Kb6 39. axb5 Kxb5 40.
Rc7 a5 41. Rc5+ Kb6 42. Rc8 g5 43. Re8 gxh4 44. Rxe6+ Kc7 45. Rf6 Rg5 46. gxh4
Rxg2+ 47. Kd3 Rxb2 48. Ra6 Rb3+ 49. Kc2 Rb4 50. Kc3 Rc4+ 51. Kd3 a4 52. e6 Kd8
53. Rd6+ Ke7 54. Rxd5 Rc1 55. Ra5 Kxe6 56. Rxa4 Rh1 57. Ra6+ Kd7 58. Ra7+ Kd6
1/2-1/2

[Event "2025 Fred Maris Cup (Division C)"]
[Site "Woodvale, Perth WA AUS"]
[Date "2025.07.16"]
[Round "5"]
[White "Howard, Mark"]
[Black "Boswarva, Ernest"]
[Result "1-0"]
[ECO "C41"]
[WhiteElo "1470"]
[BlackElo "1485"]
[PlyCount "35"]
[EventDate "2025.06.11"]
[EventType "tourn"]
[EventRounds "5"]
[EventCountry "AUS"]
[TimeControl "3600+30"]

1. e4 d6 2. Bc4 Nf6 3. Nc3 Nbd7 4. Nf3 h6 5. d4 e5 6. O-O c6 7. dxe5 b5 8. Bb3
b4 9. exf6 bxc3 10. fxg7 Bxg7 11. bxc3 Nc5 12. e5 d5 13. Bb2 Ba6 14. Re1 Qb6
15. Nd4 O-O 16. Nf5 Ne4 17. Rxe4 dxe4 18. Qg4 1-0

[Event "2025 Fred Maris Cup (Division D)"]
[Site "Woodvale, Perth WA AUS"]
[Date "2025.07.16"]
[Round "5"]
[White "Gough, Sebastian"]
[Black "Lowson, Jeremy"]
[Result "0-1"]
[ECO "D00"]
[WhiteElo "1295"]
[BlackElo "1373"]
[PlyCount "50"]
[EventDate "2025.06.11"]
[EventType "tourn"]
[EventRounds "5"]
[EventCountry "AUS"]
[TimeControl "3600+30"]

1. d4 d5 2. e3 Bf5 3. Bd3 Bg6 4. f4 e6 5. Nf3 Nc6 6. O-O Nf6 7. c3 Be7 8. Ne5
Nxe5 9. fxe5 Ne4 10. Bxe4 Bxe4 11. Nd2 Bg6 12. Qf3 O-O 13. e4 f6 14. Qh3 Qd7
15. exd5 Qxd5 16. Kh1 fxe5 17. Rxf8+ Rxf8 18. dxe5 Qxe5 19. Nf3 Qe1+ 20. Ng1
Bc5 21. Be3 Qxa1 22. Qxe6+ Bf7 23. Qe4 Re8 24. Qxb7 Bxe3 25. Qxc7 Qxg1# 0-1

[Event "2025 Fred Maris Cup (Division E)"]
[Site "Woodvale, Perth WA AUS"]
[Date "2025.07.16"]
[Round "5"]
[White "Batahena, Ayun"]
[Black "Owen, Geoff"]
[Result "1-0"]
[ECO "C42"]
[WhiteElo "737"]
[BlackElo "1197"]
[PlyCount "87"]
[EventDate "2025.06.11"]
[EventType "tourn"]
[EventRounds "5"]
[EventCountry "AUS"]
[TimeControl "3600+30"]

1. e4 Nc6 2. Nf3 d6 3. h3 Nf6 4. Nc3 e5 5. Bc4 a6 6. d3 b5 7. Bd5 Nxd5 8. Nxd5
Be6 9. c4 Bxd5 10. exd5 Nd4 11. Nxd4 exd4 12. O-O Be7 13. Qg4 g6 14. Qxd4 Bf6
15. Re1+ Kf8 16. Qe3 Bg7 17. c5 Qe8 18. Qd2 Qd8 19. Qb4 dxc5 20. Qxc5+ Qd6 21.
Qxd6+ cxd6 22. Rb1 Be5 23. Bh6+ Bg7 24. Bf4 Be5 25. Bxe5 dxe5 26. Rxe5 Re8 27.
d4 f6 28. Re6 Kf7 29. Rxa6 Re2 30. Ra7+ Re7 31. Ra5 Rhe8 32. Rxb5 Re1+ 33. Rxe1
Rxe1+ 34. Kh2 Rd1 35. Rb4 Ke7 36. Rb7+ Kd6 37. Rxh7 Kxd5 38. Rh8 Rd2 39. Rd8+
Ke4 40. f3+ Ke3 41. Re8+ Kf2 42. Re6 Rd1 43. Rxf6 Rg1 44. Rxg6 1-0

[Event "2025 Fred Maris Cup (Division E)"]
[Site "Woodvale, Perth WA AUS"]
[Date "2025.07.16"]
[Round "5"]
[White "Lanham, Bruce"]
[Black "O'Donnell, Simon"]
[Result "1-0"]
[ECO "A11"]
[WhiteElo "1235"]
[BlackElo "1219"]
[PlyCount "77"]
[EventDate "2025.06.11"]
[EventType "tourn"]
[EventRounds "5"]
[EventCountry "AUS"]
[TimeControl "3600+30"]

1. Nf3 Nf6 2. c4 c6 3. e3 d5 4. Nc3 dxc4 5. Bxc4 Bf5 6. Qb3 Qc7 7. Bxf7+ Kd8 8.
d4 Nbd7 9. O-O Rb8 10. Re1 e5 11. dxe5 Nxe5 12. Nxe5 Qxe5 13. Bd2 Bd6 14. f4
Qe7 15. Bc4 h5 16. Ne2 Ng4 17. Nd4 Qh4 18. h3 Qf2+ 19. Kh1 Be4 20. Nf3 Bxf3 21.
Bf1 Qg3 22. hxg4 hxg4+ 23. Kg1 Bf8 24. Rec1 Bxg2 25. Bxg2 Rh2 26. Ba5+ b6 27.
Rc2 Rh6 28. Be1 Qh2+ 29. Kf2 Rh3 30. Kf1 Kc7 31. Bxh3 Qxh3+ 32. Rg2 Qh1+ 33.
Kf2 Bc5 34. Rd1 Rh8 35. Qf7+ Kb8 36. Rd7 Bxe3+ 37. Kxe3 Rh3+ 38. Bg3 Qc1+ 39.
Ke4 1-0

[Event "2025 Fred Maris Cup (Division F)"]
[Site "Woodvale, Perth WA AUS"]
[Date "2025.07.16"]
[Round "5"]
[White "Rennie, Mike"]
[Black "Markou, Victor"]
[Result "1-0"]
[ECO "C44"]
[WhiteElo "919"]
[BlackElo "895"]
[PlyCount "57"]
[EventDate "2025.06.11"]
[EventType "tourn"]
[EventRounds "5"]
[EventCountry "AUS"]
[TimeControl "3600+30"]

1. e4 e5 2. d3 Nc6 3. c3 Nf6 4. Nf3 d6 5. Bg5 Be7 6. Be2 O-O 7. O-O Nh5 8. Be3
Nf4 9. Bxf4 exf4 10. Qd2 Ne5 11. Qxf4 Nxf3+ 12. Qxf3 c5 13. Nd2 b6 14. Nc4 Bb7
15. Nd2 f6 16. Qg4 d5 17. Qe6+ Kh8 18. Bf3 dxe4 19. Bxe4 Bxe4 20. Qxe4 Re8 21.
Rfe1 Bd6 22. Qc6 Rc8 23. Rxe8+ Qxe8 24. Qxd6 Rd8 25. Qg3 c4 26. Nxc4 b5 27. Nd6
Qe5 28. Nf7+ Kg8 29. Nxe5 1-0

[Event "2025 Fred Maris Cup (Division F)"]
[Site "Woodvale, Perth WA AUS"]
[Date "2025.07.16"]
[Round "5"]
[White "Overste, Brian"]
[Black "Frankland, David"]
[Result "0-1"]
[ECO "C41"]
[WhiteElo "1027"]
[BlackElo "1159"]
[PlyCount "56"]
[EventDate "2025.06.11"]
[EventType "tourn"]
[EventRounds "5"]
[EventCountry "AUS"]
[TimeControl "3600+30"]

1. e4 e5 2. Bc4 d6 3. Nf3 h6 4. d4 Nd7 5. Nc3 Ngf6 6. h3 c6 7. Nh4 g6 8. Qf3
exd4 9. Ne2 b5 10. Bb3 Ne5 11. Bxf7+ Kxf7 12. Qb3+ Be6 13. Qg3 Rg8 14. Nxd4
Nxe4 15. Qf4+ Nf6 16. Qe3 Nd5 17. Qe4 Qd7 18. f4 Nc4 19. O-O Re8 20. b3 Bf5 21.
Nhxf5 Rxe4 22. Nxh6+ Bxh6 23. bxc4 Rxd4 24. cxd5 Rxd5 25. Be3 Re8 26. Bf2 Kg8
27. g3 Qxh3 28. Bxa7 Qxg3+ 0-1

[Event "2025 Fred Maris Cup (Division F)"]
[Site "Woodvale, Perth WA AUS"]
[Date "2025.07.16"]
[Round "5"]
[White "Young, Manfred"]
[Black "Emmerton-Ginn, Tyler"]
[Result "1-0"]
[ECO "C50"]
[WhiteElo "1125"]
[BlackElo "1042"]
[PlyCount "40"]
[EventDate "2025.06.11"]
[EventType "tourn"]
[EventRounds "5"]
[EventCountry "AUS"]
[TimeControl "3600+30"]

1. e4 e5 2. Nf3 Nc6 3. Bc4 Na5 4. Nxe5 Nxc4 5. Nxc4 d5 6. exd5 Qxd5 7. Ne3 Qe6
8. d4 c6 9. O-O Nf6 10. Nc3 Bb4 11. d5 cxd5 12. Nexd5 O-O 13. Nxb4 b6 14. Re1
Qg4 15. f3 Qxb4 16. Bg5 Nh5 17. Be7 Qxb2 18. Bxf8 Qxc3 19. Re8 h6 20. Bb4+ Kh7
1-0